 Dungeon Crawl Stone Soup version 0.30.1-3-gfc49f6343a (webtiles) character file.

Game seed: 5944634366297637483

13853 monsoonserge the Thaumaturge (level 12, -7/74 HPs)
             Began as a Djinni Fire Elementalist on Aug 9, 2023.
             Was an Elder of Elyvilon.
             Shot with an arrow by a centaur warrior (21 damage)
             ... on level 11 of the Dungeon.
             The game lasted 00:43:47 (11658 turns).

monsoonserge the Thaumaturge (DjFE)                Turns: 11658, Time: 00:43:50

Health: -7/74      AC: 10    Str:  7    XL:     12   Next: 37%
Gold:   686        EV: 13    Int: 25    God:    Elyvilon [****..] SH:  0 Dex: 18

rFire   + + .        R - +5 rapier of Triumph {heavy, rC+}
rCold   + + .        (no shield)
rNeg    + . .        W - +2 troll leather armour
rPois   ∞            (no helmet)
rElec   +            y - scarf {harm}
rCorr   .            P - +2 pair of gloves
SInv    +            (boots unavailable)
Will    .....        i - amulet of Untruth {Regen+ Int+5 SInv}
Stlth   ++           z - ring of Viuseg {Fly rElec Dex+2}
HPRegen 1.92/turn    x - ring "Paumeca" {rC++ rN+ Will- SInv}
MPRegen 0.00/turn

%: harm (+30% outgoing, +20% incoming), infuse magic (-8 HP)
@: flying, studying Fighting
A: sickness immunity, fire resistance 2, cold vulnerability 1, float, innate
caster, HP casting, extra vitality 1
a: Renounce Religion, Purification, Heal Other, Heal Self


You were on level 11 of the Dungeon.
You worshipped Elyvilon.
Elyvilon was greatly pleased with you.
You visited 2 branches of the dungeon, and saw 13 of its levels.
You also visited: Sewer and Gauntlet.

You collected 686 gold pieces.

Inventory:

Hand Weapons
 R - the +5 rapier of Triumph (weapon) {heavy, rC+}
   (You found it on level 11 of the Dungeon)

   rC:        It protects you from cold.
 V - a +2 rapier of freezing
Missiles
 s - 7 boomerangs (quivered)
 v - 2 curare-tipped darts
 w - 57 poisoned darts
 C - 4 atropa-tipped darts
 E - 2 javelins
Armour
 u - a scarf of shadows
 y - a scarf of harm (worn)
 F - the +0 kite shield of the Harvest {Str+6 Int-3}
   (You took it off a minotaur in a Gauntlet)

   Str:       It affects your strength (+6).
   Int:       It affects your intelligence (-3).
 J - +0 acid dragon scales
 M - a +2 robe of positive energy
 P - a +2 pair of gloves (worn)
 S - the +4 plate armour "Naph" {rElec Str-4 Dex+3}
   (You took it off a minotaur in a Gauntlet)

   Str:       It affects your strength (-4).
   Dex:       It affects your dexterity (+3).
   rElec:     It insulates you from electricity.
 T - a +3 leather armour of cold resistance
 W - a +2 troll leather armour (worn)
Jewellery
 i - the amulet of Untruth (around neck) {Regen+ Int+5 SInv}
   (You found it in a Gauntlet)

   [amulet of regeneration]

   Int:       It affects your intelligence (+5).
   SInv:      It lets you see invisible.
   Regen:     It increases your rate of health regeneration.
 x - the ring "Paumeca" (right hand) {rC++ rN+ Will- SInv}
   (You found it in a Gauntlet)

   [ring of see invisible]

   rC:        It greatly protects you from cold.
   rN:        It protects you from negative energy.
   SInv:      It lets you see invisible.
   Will:      It decreases your willpower.
 z - the ring of Viuseg (left hand) {Fly rElec Dex+2}
   (You found it in a Gauntlet)

   [ring of flight]

   Dex:       It affects your dexterity (+2).
   rElec:     It insulates you from electricity.
   Fly:       It grants you flight.
 G - a +6 ring of dexterity
 Y - the amulet of Syedan {Reflect rPois SH+5}
   (You found it on level 5 of the Dungeon)

   [amulet of reflection]

   It reflects blocked missile attacks.
   rPois:     It protects you from poison.
   SH:        It affects your SH (+5).
Wands
 j - a wand of acid (18)
 H - a wand of charming (13)
 N - a wand of flame (10)
 O - a wand of mindburst (7)
 U - a wand of iceblast (16)
Scrolls
 c - 5 scrolls of teleportation {unknown}
 e - 4 scrolls of poison
 k - 2 scrolls of immolation
 l - 3 scrolls of silence
 m - 4 scrolls of fog
 o - 3 scrolls of fear
 p - 3 scrolls of magic mapping
 A - a scroll of enchant weapon {unknown}
 D - a scroll of brand weapon {unknown}
 K - 2 scrolls of vulnerability
 X - 3 scrolls of enchant armour
Potions
 a - 3 potions of cancellation
 b - 4 potions of degeneration {unknown}
 d - 4 potions of mutation
 f - 2 potions of berserk rage {unknown}
 g - 3 potions of heal wounds
 h - 3 potions of lignification {unknown}
 n - 2 potions of invisibility {unknown}
 q - 8 potions of curing
 r - a potion of brilliance {unknown}
 t - 3 potions of attraction {unknown}
 I - 2 potions of resistance {unknown}
 L - 3 potions of might {unknown}


   Skills:
 + Level 1.7 Fighting
 + Level 0.2 Short Blades
 - Level 5.0 Armour
 + Level 3.7 Dodging
 + Level 3.0 Stealth
 * Level 13.1 Spellcasting
 * Level 6.1 Invocations
 * Level 1.7 Evocations


You knew the following spells:

 Your Spells              Type           Power      Damage    Failure   Level
a - Foxfire               Conj/Fire      100%       2x1d9     1%          1
b - Scorch                Fire           100%       2d9       1%          2
c - Volatile Blastmotes   Fire/Tloc      100%       2d18      1%          3
d - Inner Flame           Hex/Fire       70%        N/A       1%          3
e - Flame Wave            Conj/Fire      70%        2d16      1%          4
f - Apportation           Tloc           100%       N/A       1%          1
g - Blink                 Tloc           100%       N/A       1%          2
h - Ensorcelled Hibernat  Hex/Ice        100%       N/A       1%          2
i - Tukima's Dance        Hex            70%        N/A       1%          3
j - Anguish               Hex/Necr       35%        N/A       1%          4
Your spell library was empty.

Dungeon Overview and Level Annotations

Branches:
Dungeon (12/15)            Temple (1/1) D:4             Orc (0/2) D:10
  Sewer (visited)         Gauntlet (visited)
   Lair: D:8-11

Altars:
Ashenzari
Cheibriados
Dithmenos
Elyvilon
Fedhas
Gozag
Hepliaklqana
Makhleb
Nemelex Xobeh
Okawaru
Qazlal
Ru
Trog
Uskayaw
Wu Jian
Xom
Yredelemnul
Zin
The Shining One

Annotations:
D:12 1 runed translucent door


Innate Abilities, Weirdness & Mutations

You are immune to sickness and miasma.
You are immune to poison.
Your flesh is very heat resistant. (rF++)
You are vulnerable to cold. (rC-)
You float through the air rather than walking.
You learn spells naturally, not from books.
Your magical power is your life essence.
You have superior vitality. (+4 MHP)


Message History

The centaur warrior zombie barely misses you.
The centaur warrior zombie misses you. The boulder beetle barely misses you.
The boulder beetle stops rolling and uncurls.
A wave of flame ripples out!
The flame wave engulfs the boulder beetle but does no damage.
The boulder beetle is almost dead.
The flame wave engulfs the centaur warrior zombie!
You destroy the centaur warrior zombie!
The boulder beetle leaps!
You start resting.
A centaur warrior comes into view.
Found an escape hatch in the floor.
The boulder beetle barely misses you.
The centaur warrior wields a +0 shortbow.
The centaur warrior shoots an arrow.
The arrow barely misses you.
Casting: Flame Wave (safe; 1% risk of failure)
Confirm with . or Enter, or press ? or * to list all spells.
Flames lash the boulder beetle.
The boulder beetle is almost dead.
The boulder beetle's fire resistance burns away.
The boulder beetle bites you.
The centaur warrior shoots an arrow.
The arrow hits you!
Casting: Scorch (safe; 1% risk of failure)
Confirm with . or Enter, or press ? or * to list all spells.
Casting: Flame Wave (safe; 1% risk of failure)
Press: ? - help, Dir - look around, f - activate A wave of flame ripples out!
The flame wave engulfs the boulder beetle but does no damage.
The boulder beetle is almost dead. (Press . to intensify the flame waves.)
The centaur warrior shoots an arrow.
The arrow hits you!
* * * LOW HITPOINT WARNING * * *
The boulder beetle completely misses you.
The centaur warrior shoots an arrow.
The arrow barely misses you.
A wave of flame ripples out!
The flame wave engulfs the boulder beetle!!
The boulder beetle is burned terribly!
You kill the boulder beetle!
* * * LOW HITPOINT WARNING * * *
The centaur warrior shoots an arrow.
The arrow hits you!!
You die...

..♣♣ ♣♣##.... ..
....##...>... ...
.......##.... ....
............. ....##
#####.......#...
......###..##.......#...
.......#....##...○.##..#
.......#.....###.### ..#
.......@..#○°......# ..#
.......#..#.........#..#
>......#..##..###...#
......##...#.## ..##
#...## ....).. ## ..#.
).c.##$#. . . ..###..##
. ... ... #.. #


You could see a centaur warrior.

Vanquished Creatures
  A minotaur (Gauntlet)
  A boulder beetle (D:11)
  2 wizards (Gauntlet)
  A deep elf pyromancer (D:12)
  A manticore (D:9)
  3 cyclopes
  A moth of wrath (Gauntlet)
  A centaur zombie (D:11)
  A smoke demon (Gauntlet)
  Maggie (D:6)
  2 gargoyles
  A kobold demonologist (D:10)
  An unseen horror (D:10)
  A red devil (Gauntlet)
  2 trolls (D:11)
  Grinder (D:4)
  A hornet (D:8)
  A polar bear (D:9)
  A wraith (D:10)
  9 yaks
  A steam dragon (D:7)
  2 redbacks (Gauntlet)
  Menkaure (D:6)
  4 acid dragons
  A water moccasin (D:6)
  Duvessa (D:7)
  A black bear (D:6)
  5 ice beasts
  3 sky beasts
  An orc warrior (D:12)
  3 wolves (D:9)
  3 centaurs
  A phantom (D:4)
  8 kobold brigands
  Blork the orc (D:6)
  4 bullfrogs
  A gnoll sergeant (D:7)
  2 scorpions
  Dowan (D:7)
  4 wights (D:9)
  5 killer bees (D:8)
  2 howler monkeys
  3 electric eels (D:9)
  2 crimson imps (Gauntlet)
  A wyvern simulacrum (D:9)
  A jelly (D:5)
  2 gnoll boudas
  A hound (D:6)
  2 orc priests
  A sleepcap (D:4)
  4 iguanas
  9 orc wizards
  9 gnolls
  4 adders
  4 shadow imps (Gauntlet)
  7 white imps
  3 ufetubi
  2 worms (D:3)
  5 dart slugs
  21 orcs
  5 ball pythons
  6 bats
  6 endoplasms
  7 giant cockroaches
  7 goblins
  5 hobgoblins
  7 jackals
  42 kobolds
  3 quokkas (D:4)
  2 training dummies (D:7)
  5 frilled lizards
  9 rats
273 creatures vanquished.

Vanquished Creatures (others)
  332 foxfires
332 creatures vanquished.

Grand Total: 605 creatures vanquished

Notes
Turn   | Place    | Note
-------+----------+-------------------------------------------
     0 | D:1      | monsoonserge the Djinni Fire Elementalist began the quest
                  | for the Orb.
     0 | D:1      | monsoonserge set off with the following spells memorised:
                  | Foxfire, Scorch, Volatile Blastmotes, Inner Flame, Flame
                  | Wave.
     0 | D:1      | Reached XP level 1. HP: 15/15 MP: 0/0
    41 | D:1      | Reached XP level 2. HP: 15/21 MP: 0/0
   308 | D:1      | Reached XP level 3. HP: 23/25 MP: 0/0
   308 | D:1      | Learned a level 1 spell: Apportation
   781 | D:2      | Reached skill level 3 in Spellcasting
  1072 | D:2      | Reached XP level 4. HP: 25/31 MP: 0/0
  1735 | D:3      | Found a glowing drain.
  1760 | Sewer    | Entered a sewer
  1865 | Sewer    | Noticed a kobold brigand
  1872 | Sewer    | Killed a kobold brigand
  1873 | Sewer    | Reached skill level 4 in Spellcasting
  1873 | Sewer    | Reached XP level 5. HP: 27/35 MP: 0/0
  1873 | Sewer    | Learned a level 2 spell: Blink
  1930 | Sewer    | Found a white marble altar of Elyvilon.
  1942 | Sewer    | Became a worshipper of Elyvilon the Healer
  2056 | D:3      | Found a stormy altar of Qazlal.
  2069 | D:3      | Found a basalt altar of Yredelemnul.
  2388 | D:3      | Reached * piety under Elyvilon
  2611 | D:4      | Noticed a phantom
  2709 | D:4      | Noticed Grinder
  2715 | D:4      | Killed Grinder
  2716 | D:4      | Reached skill level 1 in Armour
  2716 | D:4      | Reached skill level 5 in Spellcasting
  2716 | D:4      | Reached skill level 1 in Invocations
  2716 | D:4      | Reached XP level 6. HP: 29/40 MP: 0/0
  2716 | D:4      | Reached XP level 7. HP: 33/45 MP: 0/0
  2716 | D:4      | Learned a level 2 spell: Ensorcelled Hibernation
  2947 | D:4      | You are sucked into a shaft and drop 1 floor!
  2947 | D:5      | Entered Level 5 of the Dungeon
  2968 | D:5      | Reached ** piety under Elyvilon
  3078 | D:5      | Reached skill level 1 in Fighting
  3294 | D:4      | Identified the +1 robe of Surprise {+Inv Will+ Int-2 Dex+2}
  3303 | D:4      | Found a broken altar of Ashenzari.
  3759 | D:4      | Found a staircase to the Ecumenical Temple.
  3765 | Temple   | Entered the Ecumenical Temple
  4286 | D:5      | Identified the amulet of Syedan {Reflect rPois SH+5}
  4297 | D:5      | Reached *** piety under Elyvilon
  4923 | D:6      | Noticed Menkaure
  4942 | D:6      | Reached skill level 6 in Spellcasting
  4947 | D:6      | HP: 1/47 [Menkaure (16)]
  4953 | D:6      | Killed Menkaure
  4954 | D:6      | Reached XP level 8. HP: 26/52 MP: 0/0
  5096 | D:6      | Noticed Maggie
  5118 | D:6      | Killed Maggie
  5119 | D:6      | Reached skill level 7 in Spellcasting
  5122 | D:6      | Noticed Blork the orc
  5157 | D:6      | Killed Blork the orc
  5218 | D:6      | Found a shimmering altar of Xom.
  5239 | D:6      | Reached XP level 9. HP: 34/57 MP: 0/0
  5239 | D:6      | Learned a level 3 spell: Tukima's Dance
  5524 | D:6      | Found a shadowy altar of Dithmenos.
  5531 | D:6      | Found a burning altar of Makhleb.
  5685 | D:6      | Found a snail-covered altar of Cheibriados.
  5793 | D:7      | Reached **** piety under Elyvilon
  5862 | D:7      | Reached skill level 8 in Spellcasting
  5913 | D:7      | Noticed Duvessa
  5914 | D:7      | Noticed Dowan
  5918 | D:7      | Killed Dowan
  5923 | D:7      | Killed Duvessa
  6893 | D:8      | Reached skill level 9 in Spellcasting
  7055 | D:8      | Reached XP level 10. HP: 63/63 MP: 0/0
  8173 | D:8      | Reached skill level 10 in Spellcasting
  8497 | D:9      | Found a sparkling altar of Nemelex Xobeh.
  8602 | D:9      | Reached ***** piety under Elyvilon
  8612 | D:9      | Noticed a manticore
  8620 | D:9      | Killed a manticore
  8736 | D:9      | Reached XP level 11. HP: 44/67 MP: 0/0
  8736 | D:9      | Learned a level 4 spell: Anguish
  8971 | D:9      | Reached skill level 11 in Spellcasting
  9211 | D:10     | Entered Level 10 of the Dungeon
  9410 | D:10     | Found a sacrificial altar of Ru.
  9649 | D:10     | Noticed a +0 falchion
  9649 | D:10     | Noticed a +0 dagger
  9650 | D:10     | Noticed a +0 spear
  9651 | D:10     | Noticed a +0 spear
  9651 | D:10     | Noticed a +0 falchion
  9652 | D:10     | Noticed a +0 dagger
  9652 | D:10     | Noticed a +0 short sword
  9654 | D:10     | Noticed a +0 short sword
  9658 | D:10     | Found a hide-covered altar of Uskayaw.
  9826 | D:10     | Found a staircase to the Orcish Mines.
 10209 | D:11     | Reached skill level 5 in Invocations
 10285 | D:11     | Identified the +5 rapier of Triumph {heavy, rC+}
 10318 | D:11     | Noticed a cyclops
 10332 | D:11     | Killed a cyclops
 10333 | D:11     | Reached skill level 5 in Armour
 10339 | D:12     | Noticed a cyclops
 10344 | D:12     | Killed a cyclops
 10345 | D:12     | Reached skill level 12 in Spellcasting
 10473 | D:12     | Found a gate leading to a gauntlet.
 10493 | D:12     | Noticed a deep elf pyromancer
 10509 | D:12     | Noticed a cyclops
 10536 | D:12     | Killed a deep elf pyromancer
 10541 | D:12     | Killed a cyclops
 10662 | Gauntlet | Entered a Gauntlet
 10662 | Gauntlet | Found a transporter.
 10662 | Gauntlet | Found a transporter.
 10662 | Gauntlet | Found a large runed translucent door.
 10662 | Gauntlet | Found a large runed translucent door.
 10662 | Gauntlet | Found a large runed translucent door.
 10662 | Gauntlet | Found a large runed translucent door.
 10662 | Gauntlet | Found a large runed translucent door.
 10662 | Gauntlet | Found a large runed translucent door.
 10662 | Gauntlet | Found a runed translucent door.
 10662 | Gauntlet | Found a runed translucent door.
 10662 | Gauntlet | Found a large runed translucent door.
 10662 | Gauntlet | Found a large runed translucent door.
 10662 | Gauntlet | Found a large runed translucent door.
 10662 | Gauntlet | Found a large runed translucent door.
 10662 | Gauntlet | Found a large runed translucent door.
 10662 | Gauntlet | Found a large runed translucent door.
 10666 | Gauntlet | Found a transporter.
 10666 | Gauntlet | Found a transporter.
 10670 | Gauntlet | Found a large runed translucent door.
 10670 | Gauntlet | Found a large runed translucent door.
 10671 | Gauntlet | Found a runed translucent gate.
 10671 | Gauntlet | Found a runed translucent gate.
 10671 | Gauntlet | Found a runed translucent gate.
 10673 | Gauntlet | Found a transporter.
 10677 | Gauntlet | Noticed a death yak
 10677 | Gauntlet | Noticed a death yak
 10677 | Gauntlet | Noticed a hell hog
 10677 | Gauntlet | Noticed a death yak
 10678 | Gauntlet | Noticed a death yak
 10679 | Gauntlet | Noticed a necromancer
 10683 | Gauntlet | Found a transporter.
 10690 | Gauntlet | Noticed a wizard
 10692 | Gauntlet | Found a transporter.
 10692 | Gauntlet | Found a transporter.
 10692 | Gauntlet | Noticed an obsidian statue
 10692 | Gauntlet | Noticed a wizard
 10714 | Gauntlet | Found a transporter.
 10717 | Gauntlet | Found a transporter.
 10749 | Gauntlet | Found a large runed translucent door.
 10749 | Gauntlet | Found a large runed translucent door.
 10772 | Gauntlet | Found a transporter.
 10778 | Gauntlet | Noticed a moth of wrath
 10786 | Gauntlet | Found a transporter.
 10880 | Gauntlet | Found a transporter.
 10893 | Gauntlet | Found a transporter.
 10914 | Gauntlet | Found a transporter.
 10922 | Gauntlet | Found a transporter.
 11225 | Gauntlet | Reached XP level 12. HP: 44/73 MP: 0/0
 11319 | Gauntlet | Identified the amulet of Untruth {Regen+ Int+5 SInv}
 11366 | Gauntlet | Reached skill level 1 in Evocations
 11370 | Gauntlet | Identified the ring "Paumeca" {rC++ rN+ Will- SInv}
 11374 | Gauntlet | Identified the ring of Viuseg {Fly rElec Dex+2}
 11402 | Gauntlet | Identified the +0 war axe of Eternal Harmony {flame, rPois
                  | Will++}
 11402 | Gauntlet | Identified the +4 plate armour "Naph" {rElec Str-4 Dex+3}
 11402 | Gauntlet | Identified the +0 kite shield of the Harvest {Str+6 Int-3}
 11402 | Gauntlet | Noticed a minotaur
 11410 | Gauntlet | Killed a minotaur
 11447 | Gauntlet | Got the Textbook on Metamorphosis
 11517 | D:12     | Reached skill level 13 in Spellcasting
 11583 | D:12     | Found a runed translucent door.
 11593 | D:12     | Noticed a fire crab
 11595 | D:12     | Noticed a boulder beetle
 11630 | D:11     | Noticed a boulder beetle
 11654 | D:11     | Noticed a centaur warrior
 11658 | D:11     | Killed a boulder beetle
 11658 | D:11     | Shot with an arrow by a centaur warrior

Illustrated notes

Levels and vault maps discovered:
D:1:      minmay_arrival_up_and_down, layout_basic
D:2:      layout_basic
D:3:      layout_basic, mainiacjoe_overflow_catch_the_wave,
          gup_sewer_entry_glass, eino_curves_02, dreamdust_mushroom_princess,
          minmay_vboxes
D:4:      layout_layer_cave, mainiacjoe_overflow_small_starburst,
          minmay_temple_entry_hall, uniq_grinder
D:5:      layout_cave_pods
D:6:      layout_basic, minmay_overflow_temple_star_quad,
          mainiacjoe_overflow_catwalk, gammafunk_temple_overflow_statue,
          uniq_maggie, uniq_blork_the_orc, uniq_menkaure
D:7:      dreamdust_elfheim, layout_basic, uniq_duvessa
D:8:      layout_gridville
D:9:      layout_irregular_city, marbit_many_paths, serial_ice, serial_ice_n,
          serial_ice_j, serial_ice_f, serial_ice_d, serial_ice_e, serial_ice_m,
          serial_ice_a, serial_ice_b
D:10:     layout_basic, nicolae_ru_awakened_eye, nicolae_uskayaw_en_pointe,
          orc_0_dummy, nicolae_two_hexagons, chequers_serial_rivers_micro_e
D:11:     minmay_curly_fans, layout_rooms, david_lair_generic,
          nicolae_trove_entry_columns, nicolae_yredelemnul_corpse_copse
D:12:     layout_rooms, gauntlet_entry_generic, lightli_airlock
Temple:   hellmonk_temple_beads

Skill      XL: |  1  2  3  4  5  6  7  8  9 10 11 12 |
---------------+-------------------------------------+-----
Stealth        | 2 3 |  3.0
Spellcasting   | 3 4 5 6 7 9 10 12 13 | 13.1
Armour         | 1 2 3 4 5 |  5.0
Invocations    | 1 2 3 4 5 6 |  6.1
Fighting       | 1 |  1.7
Dodging        | 3 |  3.7
Evocations     | 1 |  1.7
Short Blades   | |  0.2

Action                     |  1- 3 |  4- 6 |  7- 9 | 10-12 || total
---------------------------+-------+-------+-------+-------++-------
  Melee: Short sword       |       |       |     7 |     5 ||    12
         Rapier            |       |       |       |     2 ||     2
   Cast: Foxfire           |    28 |    18 |    53 |    92 ||   191
         Scorch            |    19 |    42 |    61 |    81 ||   203
         Flame Wave        |       |       |     4 |    11 ||    15
         Volatile Blastmot |       |       |    30 |    76 ||   106
         Blink             |       |       |       |     1 ||     1
 Invoke: Heal Self         |       |       |     1 |    14 ||    15
  Evoke: Wand              |       |       |       |     7 ||     7
    Use: Potion            |       |       |     2 |       ||     2
         Scroll            |       |       |       |    11 ||    11
   Stab: Distracted        |       |       |     1 |       ||     1
 Armour: Robe              |     2 |       |     3 |    14 ||    19
         Leather armour    |       |     2 |     5 |       ||     7
         Acid dragon scale |       |       |       |     6 ||     6
         Troll leather arm |       |       |       |     8 ||     8
  Dodge: Dodged            |     9 |     6 |    37 |    62 ||   114
  Block: Other             |       |       |     1 |       ||     1
